Cogmind - Beta 10.2 @@@ ROGUE MODE // 2020.11.08 @ 20:11:13 // Winter2019/RPGLIKE Player: FontPeg Result: Destroyed by G-34 Mercenary with Small Laser Performance ------------- Evolutions (1) 500 Regions Visited (2) 400 Robots Destroyed (6) 30 Value Destroyed (142) 142 Prototype IDs (0) 0 Alien Tech Used (0) 0 Bonus (200) 200 TOTAL SCORE: 1272 Bonus ------- Pacifist 200 Cogmind --------- Core Integrity 0/800 Matter 278/300 Energy 70/100 System Corruption 0% Temperature Cool (542) Movement Hovering (56) Location -9/Materials Parts ------- > --- POWER (1) -------- Light Ion Engine > --- PROPULSION (3) --- Improved Hover Unit Improved Hover Unit > --- UTILITY (2) ------ Improved Targeting Computer Improved Targeting Computer > --- WEAPON (2) ------- Light Assault Rifle > --- INVENTORY (2) ---- Light Ion Engine Peak State ------------ > --- POWER ------------ Light Ion Engine > --- PROPULSION ------- Improved Hover Unit Improved Hover Unit Improved Hover Unit > --- UTILITY ---------- Improved Targeting Computer Improved Targeting Computer > --- WEAPON ----------- Particle Gun Particle Gun > --- INVENTORY -------- (None) [Rating: 15] Favorites ----------- Power Light Ion Engine Engine Light Ion Engine Propulsion Improved Hover Unit Treads Light Treads Wheel Wheel Hover Unit Improved Hover Unit Utility Improved Targeting Computer Processor Improved Targeting Computer Weapon Particle Gun Energy Gun Particle Gun Ballistic Gun Light Assault Rifle Build | -11 -10 -9 ------- Run | Scr Mat Mat Slots Evolved 4 | 4 . . Power . | . . . Propulsion 2 | 2 . . Utility 1 | 1 . . Weapon 1 | 1 . . Parts Attached 14 | 6 7 1 Power 1 | 1 . . Engine 1 | 1 . . Core . | . . . Reactor . | . . . Propulsion 6 | 3 3 . Treads 1 | 1 . . Leg . | . . . Wheel 2 | 2 . . Hover 3 | . 3 . Flight . | . . . Utility 2 | . 2 . Device . | . . . Storage . | . . . Processor 2 | . 2 . Hackware . | . . . Protection . | . . . Artifact . | . . . Weapon 5 | 2 2 1 Energy Gun 3 | 1 2 . Energy Cannon . | . . . Ballistic Gun 2 | 1 . 1 Ballistic Cannon . | . . . Launcher . | . . . Special Weapon . | . . . Impact Weapon . | . . . Slashing Weapon . | . . . Piercing Weapon . | . . . Special Melee Weapon . | . . . Unidentified Prototypes . | . . . Parts Lost 2 | . . 2 Power . | . . . Propulsion 1 | . . 1 Utility . | . . . Weapon 1 | . . 1 Highest Loss Streak 2 | . . 2 Average Slot Usage (%) 92 | . 86 98 Engine 12 | . 12 12 Treads 2 | . 4 . Wheel 4 | . 10 . Hover 29 | . 21 37 Processor 19 | . 12 25 Energy Gun 18 | . 17 19 Ballistic Gun 5 | . 7 4 Naked Turns . | . . . Heaviest Build 9 | 5 9 9 Greatest Support 26 | 26 26 24 Greatest Overweight (x) . | . . . Average Overweight (x) . | . . . Largest Inventory Capacity 2 | . . 2 Average Capacity . | . . 1 Most Carried 2 | . . 2 Average Carried . | . . . Final Capacity 2 | . . 2 Final Carried 1 | . . 1 Class Distribution -------------------- 100% | Mutant Dominant Class ---------------- Mutant | -10/Materials Mutant | -9/Materials Resources | -11 -10 -9 ----------- Run | Scr Mat Mat Matter Collected 322 | 260 . 62 Remotely . | . . . Salvage Created 62 | . . 62 Parts 12 | . . 12 Haulers Intercepted . | . . . Recyclers Shooed 1 | . . 1 Parts Field Recycled . | . . . Retrieved Matter . | . . . Parts Self-Destructed . | . . . Prevented . | . . . Kills | -11 -10 -9 ------- Run | Scr Mat Mat Combat Hostiles Destroyed 6 | . . 6 Guns 6 | . . 6 Classes Destroyed 2 | . . 2 Swarmer 3 | . . 3 Grunt 3 | . . 3 Best Kill Streak 6 | . . 6 Combat Bots Only 6 | . . 6 Max Kills in Single Turn 1 | . . 1 Gunslinging . | . . . Exploded . | . . . Melee . | . . . Uniques/NPCs Destroyed . | . . . Combat | -11 -10 -9 -------- Run | Scr Mat Mat Damage Taken 954 | . . 954 Core 800 | . . 800 Absorbed by Shields . | . . . Redirected to Core 487 | . . 487 Core Remaining (%) 100 | 100 100 . Volleys Fired 26 | . . 26 Largest 2 | . . 2 Hottest 130 | . . 130 Shots Fired 43 | . . 43 Gun 43 | . . 43 Cannon . | . . . Launcher . | . . . Special . | . . . Kinetic 14 | . . 14 Thermal 29 | . . 29 Explosive . | . . . Electromagnetic . | . . . Robot Hit Streak 6 | . . 6 Robot Miss Streak 4 | . . 4 Penetration Max . | . . . Secondary Targets 3 | . . 3 Max Gunslinging Chain 1 | . . 1 Shots Hit Robots 25 | . . 25 Core Hits 9 | . . 9 Critical Hits . | . . . Critical Kills . | . . . Critical Parts Destroyed . | . . . Melee Attacks . | . . . Impact . | . . . Slashing . | . . . Piercing . | . . . Sneak Attacks . | . . . Combat Hostiles . | . . . Follow-up Attacks . | . . . Damage Inflicted 354 | . . 354 Guns 354 | . . 354 Cannons . | . . . Explosions . | . . . Melee . | . . . Ramming . | . . . Kinetic 97 | . . 97 Thermal 257 | . . 257 Explosive . | . . . Electromagnetic . | . . . Impact . | . . . Slashing . | . . . Piercing . | . . . Highest Corruption . | . . . Average Corruption . | . . . Corruption Purged . | . . . Overload Shots . | . . . Overflow Damage . | . . . Projectiles . | . . . Explosions . | . . . Melee . | . . . Knockbacks . | . . . Impact . | . . . Kinetic . | . . . Secondary . | . . . Self-Inflicted Damage . | . . . Shots . | . . . Rammed . | . . . Targets Rammed . | . . . Kicked . | . . . Crushed . | . . . Highest Temperature 558 | . . 558 Average Temperature 272 | . . 272 Received Heat Transfer 402 | . . 402 Effects 14 | . . 14 Energy Bleed 3 | . . 3 Interference 2 | . . 2 Short Circuit 3 | . . 3 Damage (major) 5 | . . 5 Damage (core) 1 | . . 1 Siege Activations . | . . . Robots Corrupted . | . . . Combat Hostiles . | . . . Parts Fried . | . . . Impact Corruptions . | . . . Robots Melted . | . . . Combat Hostiles . | . . . Parts Melted . | . . . Heat Transferred 629 | . . 629 Parts Sabotaged . | . . . Parts Stolen . | . . . Parts Stripped . | . . . Power Chain Reactions . | . . . Missiles Intercepted . | . . . Alert | -11 -10 -9 ------- Run | Scr Mat Mat Peak Influence 196 | . 27 196 Initial 11 | . . 11 Average 44 | . 12 98 Maximum Alert Level . | . . . Low Security (%) 100 | 100 100 100 Level 1 . | . . . Level 2 . | . . . Level 3 . | . . . Level 4 . | . . . Level 5 . | . . . High Security . | . . . Max Security . | . . . Squads Dispatched 2 | . . 2 Investigation 1 | . . 1 Extermination . | . . . Reinforcement 1 | . . 1 Assault . | . . . Garrison . | . . . Intercept . | . . . Construction Impeded . | . . . Haulers Reinforced . | . . . Stealth | -11 -10 -9 --------- Run | Scr Mat Mat Distress Signals . | . . . Communications Jammed . | . . . Distress Signals . | . . . Times Spotted 13 | . 1 12 Peak Tracking Total 7 | . 1 7 Tactical Retreats . | . . . Traps | -11 -10 -9 ------- Run | Scr Mat Mat Traps Triggered . | . . . Indirectly . | . . . Trap Hack Attempts . | . . . Triggered . | . . . Disarmed . | . . . Reprogrammed . | . . . Reused . | . . . Traps Extracted . | . . . Installed . | . . . Triggered . | . . . Machines | -11 -10 -9 ---------- Run | Scr Mat Mat Machines Disabled 1 | . . 1 Max in Single Turn 1 | . . 1 Machines Sabotaged . | . . . Garrisons Compromised . | . . . Overloaded Fab Kills . | . . . Fab Network Shutdowns . | . . . Hacking | -11 -10 -9 --------- Run | Scr Mat Mat Machines Accessed 2 | . 1 1 Terminals 1 | . 1 . Fabricators . | . . . Repair Stations . | . . . Recycling Units . | . . . Scanalyzers 1 | . . 1 Garrison Access . | . . . Total Hacks 3 | . 2 1 Successful 3 | . 2 1 Failed . | . . . Catastrophic . | . . . Database Lockouts . | . . . Manual 3 | . 2 1 Terminals 2 | . 2 . Fabricators . | . . . Repair Stations . | . . . Recycling Units . | . . . Scanalyzers 1 | . . 1 Garrison Access . | . . . Terminal Hacks 1 | . 1 . Branch Access Points 1 | . 1 . Fabricator Hacks . | . . . Repair Station Hacks . | . . . Recycling Unit Hacks . | . . . Scanalyzer . | . . . Garrison Access Hacks . | . . . Unauthorized Hacks 2 | . 1 1 Terminals 1 | . 1 . Botnet 1 | . 1 . Fabricators . | . . . Repair Stations . | . . . Recycling Units . | . . . Scanalyzers 1 | . . 1 Extract 1 | . . 1 Garrison Access . | . . . Data Cores Recovered . | . . . Used . | . . . Hacking Detections 1 | . 1 . Full Trace Events . | . . . Feedback Events . | . . . Feedback Blocked . | . . . Robot Schematics Acquired . | . . . Robots Built . | . . . Matter . | . . . Time . | . . . Total Robot Build Rating . | . . . Part Schematics Acquired 14 | . . 14 Parts Built . | . . . Matter . | . . . Time . | . . . Total Part Build Rating . | . . . Parts Repaired . | . . . Time . | . . . Parts Recycled . | . . . Recycled Matter . | . . . Retrieved Matter . | . . . Retrieved Components . | . . . Parts Scanalyzed . | . . . Part Schematics Acquired . | . . . Parts Damaged . | . . . Bothacking | -11 -10 -9 ------------ Run | Scr Mat Mat Used RIF Installer . | . . . Robots Hacked . | . . . Non-combat . | . . . Combat . | . . . Robot Hacks Applied . | . . . Relay Couplers Released . | . . . Robots Rewired . | . . . Allies Hacked . | . . . Hacks Repelled . | . . . Allies | -11 -10 -9 -------- Run | Scr Mat Mat Total Allies . | . . . Largest Group . | . . . Highest-Rated Group . | . . . Highest-Rated Ally . | . . . Total Orders . | . . . Ally Attacks . | . . . Total Damage . | . . . Kills . | . . . Allies Corrupted . | . . . Allies Melted . | . . . Intel | -11 -10 -9 ------- Run | Scr Mat Mat Robot Analysis Total . | . . . Derelict Logs Recovered . | . . . Drone Launches . | . . . Drone Recoveries . | . . . Exploration | -11 -10 -9 ------------- Run | Scr Mat Mat Turns Passed 260 | 50 105 105 Spaces Moved 223 | 38 132 53 Core 3 | 3 . . Treads 10 | 10 . . Legs . | . . . Wheels 73 | 25 48 . Hover 137 | . 84 53 Flight . | . . . Fastest Speed 50 | 50 52 52 Average Speed 69 | 105 65 52 Slowest Speed 160 | 160 90 52 Overloaded Moves . | . . . Propulsion Burnouts . | . . . Robots Hopped . | . . . Cave-ins Triggered . | . . . Exploration Rate (%) 11 | 3 25 6 Regions Visited 2 Branch Regions . Pre-discovered Areas . | . . . Known Exits Taken . | . . . Unknown Exits Taken 2 | 1 1 . Scrap Searched . | . . . Spaces Dug . | . . . Terrain Destroyed . | . . . Melee . | . . . Projectile . | . . . AOE . | . . . Terrain Rammed . | . . . Walls Destroyed . | . . . Machines Disabled . | . . . Actions | -11 -10 -9 --------- Run | Scr Mat Mat Total 285 | 44 149 92 Wait 16 | 1 6 9 Move 221 | 37 131 53 Hop . | . . . Pick Up 2 | . . 2 Fast Attach 12 | 6 6 . Attach 1 | . . 1 Detach . | . . . Swap 1 | . 1 . Drop 6 | . 5 1 Fire 26 | . . 26 Melee . | . . . Ram . | . . . Kick . | . . . Crush . | . . . Escape Stasis . | . . . Rewire . | . . . Trap . | . . . Miscellaneous . | . . . Route ------- -11/Scrapyard -10/Materials (discovered 2 exits: *Mat / Min) -9/Materials History --------- Turn | Location | Event 1 | -11/Scrapyard | Upgraded with Propulsion slot (x2) 1 | -11/Scrapyard | Upgraded with Utility slot (x1) 1 | -11/Scrapyard | Upgraded with Weapon slot (x1) 26 | -11/Scrapyard | Discovered new exit (range 16) 51 | -11/Scrapyard | Entered Materials 143 | -10/Materials | Discovered new exit (range 14) 153 | -10/Materials | Identified exit to Mines 156 | -10/Materials | Entered another Materials area 158 | -9/Materials | Reached level 2 251 | -9/Materials | Core integrity fell below 50% 261 | -9/Materials | Core integrity fell below 20% 261 | -9/Materials | Destroyed by G-34 Mercenary with Small Laser Last Messages --------------- 00245_ Lgt. Ion Engine permanently disabled. 00245_ Overheating: Short circuit. 00248_ Overheating: Energy bleed (-19). 00249_ G-34 Mercenary destroyed. 00250_ Overheating: Particle Gun damaged (-11). 00250_ Overheating: Broken Lgt. Ion Engine damaged (-10). 00250_ Overheating: Lgt. Assault Rifle damaged (-16). 00250_ Overheating: Imp. Hover Unit damaged (-4). 00250_ R-06 Scavenger collects Aluminum Leg. 00251_ Particle Gun permanently disabled. 00251_ Overheating: Short circuit. 00253_ Overheating: System interference. 00253_ Imp. Targeting Computer temporarily disabled. 00253_ R-06 Scavenger collects Sml. Laser. 00256_ Overheating: Energy bleed (-14). 00256_ R-06 Scavenger collects Aluminum Leg. 00258_ Overheating: Imp. Hover Unit damaged (-4). 00260_ Imp. Hover Unit destroyed. 00260_ Broken Particle Gun destroyed. 00261_ Overheating: Core damaged (-160). Map ----- +----------------------------------------------------+ | ?????????????????????????????????????????????????? | | ?????????????????????????????????????????????????? | | ?????????????????????????????????????????????????? | | ?????????????????????????????????????????????????? | | ?????????????????????????????????????????????????? | | ?????????????????????????????????????????????????? | | ?????????????????????????????????????????????????? | | ?????????????????????????????????????????????????? | | ?????????????????????????????????????????????????? | | ?????????????????????????????????????????????????? | | ?????????????????????????????????????????????????? | | ?????????????????????????????????????????????????? | | ?????????????????????????????????????????????????? | | ?????????????????????????????????????????????????? | | ?????????????????????????????????????????????????? | | ?????????????????????????????????????????????????? | | ?????????????????????????????????????????????????? | | ?????????????????????????????????????????????????? | | ?????????????????????????????????????????????????? | | ?????????????????????????????????????????????????? | | ????????????????????????????######???????????????? | | ???????????????????????????? ?????????????? | | ??????????????????????????? ? ?????????????? | | ???????????????????????????%[ ??? #????????????? | | ??????????????????????#####k##### #????????????? | | ??????????????????????# @g% ! # #????????????? | | ??????????????????????# *=gg # #????????????? | | ??????????????????????# =gg "" # #????????????? | | ??????????????????????# """ # #????????????? | | ??????????????????????#[ """ # #????????????? | | ??????????????????????# "" """ # #????????????? | | ??????????????????????# S"" # #????????????? | | ??????????????????????#="" # #????????????? | | ??????????????????????######+#### #????????????? | | ?????????????????????????# T # #????????????? | | ?????????????????????????# # #????????????? | | ?????????????????????????# # #????????????? | | ?????????????????????????# # #????????????? | | ?????????????????????????# + #????????????? | | ?????????????????????????# # #????????????? | | ??????????????????????########### #????????????? | | ??????????????????????# # #????????????? | | ??????????????????????# # #????????????? | | ??????????????????????# # #????????????? | | ??????????????????????# # #????????????? | | ??????????????????????# + #????????????? | | ??????????????????????# # #????????????? | | ??????????????????????# # #????????????? | | ??????????????????????# # #????????????? | | ??????????????????????########### ############?? | +----------------------------------------------------+ Best States ------------- Heat Dissipation 31 Energy Generation 10 Energy Capacity 125 Matter Stores 300 Matter Capacity 300 Sight Range 18 Terrain Scan Density 10 Resistance: KI 5 Resistance: TH 5 Evasion (%) 54 Targeting Accuracy 12 Recoil Reduction 1 Offensive Hacking 5 Item Schematics ----------------- Lgt. Armor Plating | -9/Materials | Extracted Welding Torch | -9/Materials | Extracted Disposable Heat Sink | -9/Materials | Extracted Hrd. Light Armor Plating | -9/Materials | Extracted Mace | -9/Materials | Extracted Imp. Terrain Scanner | -9/Materials | Extracted Lgt. EM Pulse Cannon | -9/Materials | Extracted Weapon Shielding | -9/Materials | Extracted VTOL Module | -9/Materials | Extracted Aluminum Leg | -9/Materials | Extracted Mining Laser | -9/Materials | Extracted Utility Shielding | -9/Materials | Extracted Com. Wheel | -9/Materials | Extracted Hammer | -9/Materials | Extracted Robot Schematics ------------------ None Fabricated ------------ Nothing Alien Tech Used ----------------- None Achievements -------------- None Challenges ------------ None RPGLIKE | -11 -10 -9 --------- Run | Scr Mat Mat Levels Raised 1 | . . 1 XP Earned 5565 | 3000 140 2425 XP Spent 4360 | 2960 . 1400 Upgrades 17 | 12 . 5 Propulsion Slot 2 | 2 . . Utility Slot 1 | 1 . . Weapon Slot 1 | 1 . . Core Integrity 4 | 4 . . Heat Dissipation 1 | 1 . . Inventory Capacity 2 | . . 2 Sight Range 2 | 1 . 1 Melee Accuracy 1 | . . 1 Hack Attack % 1 | 1 . . KI Resistance % 1 | 1 . . TH Resistance % 1 | . . 1 Protomatter Created 120 | . . 120 Protomatter Decayed . | . . . Game ------ Seed FireInsulationDoomcannon Manual? 0 Play Time 00:05:50 Cumulative 78.9 hours Start 2020.11.08 @ 20:06:52 End 2020.11.08 @ 20:11:13 Sessions 1 Manual Loads 0 Difficulty Rogue Special Mode Winter2019/RPGLIKE Game No. 117 Rogue 117 Adventurer 0 Explorer 0 Win Type - Total 1 Types 1/0/0/0/0/0/0/0/0 Lore% 39 Gallery% 51 Achievement% 41 Wizard Run 0 Options --------- ASCII 0 Keyboard 0 Movement Mouse Keybinds 0 Fullscreen 2 Font 18/X11 Map View 76x50 Tactical HUD 1 Map Filters NONE Filters NONE Steam 1 RUN: 37e086de-1973-4022-89bf-ee9d33fc7cfe